 Dungeon Crawl Stone Soup version 0.29.1-2-gbd0b4ee654 (webtiles) character file.

Game seed: 1640163674594342612

208 wingedge the Trooper (level 5, 0/46 HPs)
             Began as a Demigod Wanderer on Nov 4, 2022.
             Slain by a ball python (1 damage)
             ... on level 4 of the Dungeon.
             The game lasted 00:10:29 (4881 turns).

wingedge the Trooper (Demigod Wanderer)             Turns: 4881, Time: 00:10:30

Health: 0/46       AC:  6    Str: 15    XL:     5   Next: 29%
Magic:  9/9        EV:  6    Int: 13    God:
Gold:   226        SH:  9    Dex: 16    Spells: 5/6 levels left

rFire   . . .      SeeInvis .   v - +0 whip
rCold   . . .      Faith    .   q - +0 kite shield
rNeg    . . .      Spirit   .   f - +0 ring mail
rPois   .          Reflect  .   (no helmet)
rElec   .          Harm     .   b - +0 cloak
rCorr   .          Rampage  .   (no gloves)
Will    .....                   (no boots)
Stlth   +.........              (no amulet)
HPRegen 0.15/turn               (no ring)
MPRegen 0.11/turn               (no ring)

@: hasted, constricted, very quick
A: high MP 1, forlorn, divine attributes
a: no special abilities


You were on level 4 of the Dungeon.
You visited 1 branch of the dungeon, and saw 4 of its levels.

You collected 226 gold pieces.

Inventory:

Hand Weapons
 v - a +0 whip (weapon)
 w - a +0 hand axe
 z - a +0 flail
Missiles
 y - 4 javelins (quivered)
 A - 2 stones
Armour
 b - a +0 cloak (worn)
 e - a +2 buckler
 f - a +0 ring mail (worn)
 q - a +0 kite shield (worn)
Magical Staves
 p - a staff of earth
Scrolls
 d - a scroll of fog {unknown}
 k - a scroll of magic mapping
 o - a scroll of silence {unknown}
 s - a scroll of enchant weapon {unknown}
 t - a scroll of identify {unknown}
 u - a scroll of teleportation {unknown}
 x - a scroll of summoning {unknown}
Potions
 a - a potion of flight {unknown}
 c - 2 potions of attraction
 h - a potion of lignification {unknown}
 j - a potion of mutation {unknown}
 l - a potion of brilliance {unknown}
 m - a potion of heal wounds {unknown}
 n - a potion of might {unknown}
 r - a potion of resistance {unknown}


   Skills:
 - Level 4.0 Fighting
 + Level 1.7 Maces & Flails
 - Level 2.0 Throwing
 - Level 2.0 Armour
 - Level 1.0 Dodging
 - Level 3.0 Shields
 - Level 1.0 Spellcasting
 - Level 1.0 Poison Magic


You had 5 spell levels left.
You knew the following spells:

 Your Spells              Type           Power      Damage    Failure   Level
a - Sting                 Tmut/Pois      4%         1d3       80%         1

Your spell library contained the following spells:

 Spells                   Type           Power      Damage    Failure   Level
 Static Discharge         Conj/Air       0%         3-3/arc   95%         2
 Gell's Gravitas          Tloc           0%         N/A       99%         3
 Ignite Poison            Fire/Tmut/Pois 1%         N/A       99%         3
 Teleport Other           Tloc           0%         N/A       99%         3
 Lightning Bolt           Conj/Air       0%         1d11      100%        5
 Dispersal                Tloc           0%         N/A       100%        6
 Maxwell's Capacitive Co  Air            0%         ∞         100%        8


Dungeon Overview and Level Annotations

Branches:
Dungeon (4/15)
 Temple: D:4-7


Innate Abilities, Weirdness & Mutations

You have an increased reservoir of magic. (+10% MP)
You shall have no god before yourself.
Your divine heritage dramatically boosts your attributes as you level up.


Message History

A - 2 stones
Found a scroll labelled JOCVELIWEI and a scroll labelled ASTEDWUXYA.
You hit the iguana but do no damage. The iguana completely misses you.
The iguana bites you.
You hit the iguana but do no damage. The iguana closely misses you.
You hit the iguana but do no damage. The iguana bites you.
You hit the iguana.
The iguana is moderately wounded.
The iguana bites you!
You hit the iguana but do no damage.
The iguana is moderately wounded.
The iguana bites you! The iguana bites you.
* * * LOW HITPOINT WARNING * * *
You feel better.
The ball python hisses angrily.
You block the iguana's attack.
You barely miss the iguana.
The iguana is moderately wounded.
The iguana bites you.
* * * LOW HITPOINT WARNING * * *
It was a potion of haste.
You feel yourself speed up. The iguana bites you!
* * * LOW HITPOINT WARNING * * *
You hit the iguana.
The iguana is heavily wounded.
You block the iguana's attack.
You hit the iguana.
The iguana is severely wounded.
You hit the iguana.
The iguana is almost dead.
You block the ball python's attack. The ball python grabs you.
The ball python constricts you. The iguana bites you.
* * * LOW HITPOINT WARNING * * *
You hit the iguana but do no damage.
The iguana is almost dead.
You block the ball python's attack. The ball python constricts you.
You block the iguana's attack.
You hit the iguana.
The iguana is almost dead.
The ball python bites you.
You die...

o....#w....
##.# .......
....
#..###....$.
....
##...........S
... #.........
##.........
#..........
#...S.....?
#<)@.....#
####l....#
?.....#
..##... .## ..
.# # #. .


You could see an iguana and a ball python.

Vanquished Creatures
  A jelly (D:3)
  Robin (D:3)
  9 adders
  2 worms
  2 orcs
  6 bats
  7 endoplasms
  4 giant cockroaches
  14 goblins
  7 hobgoblins
  3 quokkas
  6 ball pythons
  5 frilled lizards
  5 kobolds
  8 rats
80 creatures vanquished.

Notes
Turn   | Place    | Note
-------+----------+-------------------------------------------
     0 | D:1      | wingedge the Demigod Wanderer began the quest for the Orb.
     0 | D:1      | wingedge set off with the following items: a +0 dagger, a
                  | +0 cloak, a potion of attraction, a +0 robe, a +2 buckler;
                  | and the following spell memorised: Sting; and the following
                  | spells available to memorise: Ignite Poison.
     0 | D:1      | Reached XP level 1. HP: 16/16 MP: 4/4
   338 | D:1      | Reached skill level 2 in Fighting
   422 | D:1      | Reached XP level 2. HP: 24/24 MP: 5/5
  1602 | D:2      | Reached skill level 3 in Fighting
  1602 | D:2      | Reached XP level 3. HP: 30/31 MP: 6/6
  2900 | D:3      | Reached XP level 4. HP: 38/38 MP: 8/8
  3394 | D:3      | Reached skill level 4 in Fighting
  3687 | D:3      | Noticed Robin
  3759 | D:3      | Killed Robin
  4242 | D:4      | Noticed an ogre
  4248 | D:3      | Reached XP level 5. HP: 33/46 MP: 9/9
  4533 | D:3      | Reached skill level 1 in Maces & Flails
  4879 | D:4      | HP: 1/46 [iguana (3)]
  4881 | D:4      | Slain by a ball python

Illustrated notes

Levels and vault maps discovered:
D:1:      dpeg_arrival_boxorama, layout_basic, ebering_ecumenical_altar_hall,
          due_unseen_surprise
D:2:      layout_loops_corners, serial_rivers, chequers_serial_rivers_small_a,
          chequers_serial_rivers_small_3, chequers_serial_rivers_micro_e,
          chequers_serial_rivers_small_3, chequers_serial_rivers_large_a
D:3:      layout_basic, minitemple, uniq_robin
D:4:      layout_cave_pools, led_xom_imps, chequers_big_river,
          minmay_statues_item, kennysheep_pointless_box, uniq_edmund,
          uniq_menkaure

Skill      XL: |  1  2  3  4  5 |
---------------+----------------+-----
Fighting       | 2 3 4 |  4.0
Shields        | 3 |  3.0
Throwing       | 2 |  2.0
Armour         | 2 |  2.0
Maces & Flails | 1 |  1.7
Dodging        | |  1.0
Spellcasting   | |  1.0
Poison Magic   | |  1.0

Action                   |  1- 3 |  4- 6 || total
-------------------------+-------+-------++-------
Melee: Dagger            |    85 |       ||    85
       Short sword       |   168 |    30 ||   198
       Club              |     2 |       ||     2
       Whip              |       |   153 ||   153
       Hand axe          |       |    18 ||    18
Throw: Stone             |    10 |     5 ||    15
       Javelin           |       |     3 ||     3
  Use: Potion            |       |     3 ||     3
       Scroll            |       |     1 ||     1
 Stab: Sleeping          |     1 |       ||     1
Armor: Ring mail         |    72 |    70 ||   142
Dodge: Dodged            |   125 |    69 ||   194
Block: Buckler           |    73 |       ||    73
       Kite shield       |     8 |   103 ||   111
